 Dungeon Crawl Stone Soup version 0.25.1-2-g60ff931df9 (webtiles) character file.

Game seed: 5873628672904571039

2694 Nebesus the Cudgeler (level 9, 0/68 HPs)
             Began as a Human Fighter on Aug 29, 2020.
             Was a Follower of Nemelex Xobeh.
             Slain by a hornet (12 damage)
             ... on level 7 of the Dungeon.
             The game lasted 00:10:17 (8332 turns).

Nebesus the Cudgeler (Human Fighter)                Turns: 8332, Time: 00:10:17

Health: 0/68       AC: 20    Str: 20    XL:     9   Next: 96%
Magic:  12/12      EV:  7    Int:  8    God:    Nemelex Xobeh [*.....]
Gold:   473        SH: 10    Dex: 13    Spells: 8/8 levels left

rFire    . . .     SeeInvis .   a - +0 flail
rCold    . . .     Gourm    .   c - +0 kite shield
rNeg     . . .     Faith    +   b - +0 chain mail
rPois    .         Spirit   .   (no helmet)
rElec    .         Reflect  .   (no cloak)
rCorr    .         Harm     .   (no gloves)
MR       .....                  s - +1 pair of boots
Stlth    ..........             A - amulet of faith
HPRegen  0.21/turn              y - +4 ring of protection
MPRegen  0.13/turn              C - +4 ring of protection

@: lethally poisoned (0 -> -5), hasted and slowed, lightly drained, invisible
A: no striking features
a: Draw Escape, Draw Destruction, Draw Summoning, Renounce Religion


You were on level 7 of the Dungeon.
You worshipped Nemelex Xobeh.
Nemelex Xobeh was aware of your devotion.
You were not hungry.

You visited 2 branches of the dungeon, and saw 8 of its levels.

You collected 473 gold pieces.

Inventory:

Hand Weapons
 a - a +0 flail (weapon)
 Z - a +0 dire flail of protection
Armour
 b - a +0 chain mail (worn)
 c - a +0 kite shield (worn)
 s - a +1 pair of boots (worn)
Jewellery
 e - an uncursed amulet of reflection
 i - an uncursed ring of flight
 p - an uncursed ring of resist corrosion
 x - an uncursed amulet of regeneration
 y - a +4 ring of protection (left hand)
 A - an amulet of faith (around neck)
 C - a +4 ring of protection (right hand)
Wands
 m - a wand of digging (6)
 t - a wand of polymorph (4)
 z - a wand of flame (10)
 F - a wand of acid (11)
Scrolls
 g - a scroll of enchant armour
 j - 5 scrolls of remove curse
 k - a scroll of magic mapping
 l - 3 scrolls of amnesia
 n - 2 scrolls of enchant weapon
 q - 2 scrolls of fog
 r - a scroll of immolation
Potions
 u - 2 potions of haste
 v - a potion of resistance
 w - a potion of curing
 B - a potion of magic {unknown}
 D - a potion of brilliance
 E - a potion of flight {unknown}
Comestibles
 f - 18 rations
 h - a chunk of flesh


   Skills:
 + Level 5.2(4.8) Fighting
 + Level 7.7(7.4) Maces & Flails
 + Level 5.8(5.4) Armour
 + Level 2.5(2.1) Dodging
 + Level 7.2(6.8) Shields
 * Level 4.1(3.7) Invocations


You had 8 spell levels left.
You didn't know any spells.
Your spell library contained the following spells:

 Spells                   Type           Power        Failure   Level  Hunger
 Magic Dart               Conj           #...         100%        1    ##.....
 Searing Ray              Conj           #.....       100%        2    ###....
 Dazzling Flash           Conj/Hex       #.....       100%        3    ####...
 Fulminant Prism          Conj/Hex       #.........   100%        4    #####..
 Iskenderun's Mystic Bla  Conj/Tloc      #.......     100%        4    #####..
 Bolt of Magma            Conj/Fire/Erth #.........   100%        5    ######.
 Iskenderun's Battlesphe  Conj/Chrm      #.......     100%        5    ######.
 Iron Shot                Conj/Erth      #.........   100%        6    #######
 Orb of Destruction       Conj           #.........   100%        7    #######
 Spellforged Servitor     Conj/Summ      #.........   100%        7    #######


Dungeon Overview and Level Annotations

Branches:
Dungeon (7/15)             Temple (1/1) D:5

Altars:
Ashenzari
Cheibriados
Elyvilon
Gozag
Hepliaklqana
Kikubaaqudgha
Nemelex Xobeh
Okawaru
Qazlal
Wu Jian
Zin

Shops:
D:4 *


Message History

You block the hornet's attack.
You closely miss the hornet.
The hornet is severely wounded.
You feel sick. The hornet stings you.
You feel as though you will be slow longer.
You closely miss the hornet.
The hornet is severely wounded.
The hornet stings you but does no damage.
The hornet stings you.
* * * LOW HITPOINT WARNING * * *
You suddenly lose the ability to move!
You feel sick. The hornet stings you.
* * * LOW HITPOINT WARNING * * *
You feel as though you will be slow longer.
You can move again.
Unknown command.
You fade into invisibility!
You feel sick. The hornet stings you!
You die...
Your body disappears without a glow.

.....# #....#
#....## #.....#
#.....##.
#......... #.#
....#
#.####.###....##.
#...@y............#
######.##.........#
#.##(.#......#
#.##..#......#
#............# .
#.##..##.....#..
#.##..##.....#.#
#...............
####............


You could see a hornet.

Vanquished Creatures
  Sigmund (D:4)
  A yak (D:7)
  A wyvern (D:5)
  3 hogs (D:7)
  A human (D:7)
  A hungry ghost (D:7)
  Edmund (D:4)
  2 ogres
  A centaur (D:6)
  A scorpion (D:7)
  2 wights (D:7)
  2 howler monkeys (D:5)
  3 orc priests (D:4)
  4 hounds (D:5)
  A jelly (D:7)
  2 bullfrog skeletons (D:6)
  7 orc wizards
  An iguana (D:6)
  6 worker ants
  5 gnolls
  7 adders
  A worm (D:2)
  A dart slug (D:3)
  3 leopard geckos
  37 orcs
  5 giant cockroaches
  6 goblins
  10 hobgoblins
  4 jackals (D:3)
  5 kobolds
  2 quokkas
  A ball python (D:3)
  A ball python skeleton (D:4)
  2 bats (D:3)
  3 frilled lizards
  A quokka skeleton (D:4)
  7 rats
142 creatures vanquished.

Vanquished Creatures (collateral kills)
  A sky beast (D:6)
  A worker ant (D:6)
  3 gnolls (D:6)
5 creatures vanquished.

Grand Total: 147 creatures vanquished

Notes
Turn   | Place    | Note
-------+----------+-------------------------------------------
     0 | D:1      | Nebesus the Human Fighter began the quest for the Orb.
     0 | D:1      | Reached XP level 1. HP: 18/18 MP: 1/1
   522 | D:2      | Reached XP level 2. HP: 15/24 MP: 2/2
   970 | D:2      | Reached XP level 3. HP: 29/29 MP: 3/3
  1527 | D:3      | Reached XP level 4. HP: 34/35 MP: 4/4
  1774 | D:3      | Found a stormy altar of Qazlal.
  2338 | D:3      | Reached XP level 5. HP: 41/41 MP: 5/5
  2793 | D:4      | Reached XP level 6. HP: 43/47 MP: 6/6
  3353 | D:4      | Reached skill level 1 in Dodging
  3364 | D:4      | Reached XP level 7. HP: 27/52 MP: 7/7
  3673 | D:4      | Noticed Sigmund
  3682 | D:4      | Killed Sigmund
  3682 | D:4      | Reached skill level 5 in Shields
  3935 | D:4      | Noticed Edmund
  3967 | D:4      | Killed Edmund
  3967 | D:4      | Reached skill level 5 in Maces & Flails
  4629 | D:4      | Found Qoteub's General Store.
  4833 | D:4      | Reached XP level 8. HP: 60/60 MP: 8/8
  4843 | D:4      | Found an ancient bone altar of Kikubaaqudgha.
  4844 | D:4      | Found a glowing silver altar of Zin.
  4935 | D:4      | Found a shattered altar of Ashenzari.
  4966 | D:5      | Entered Level 5 of the Dungeon
  5037 | D:5      | Noticed a wyvern
  5063 | D:5      | Killed a wyvern
  5625 | D:5      | Found a staircase to the Ecumenical Temple.
  5639 | Temple   | Entered the Ecumenical Temple
  5689 | Temple   | Became a worshipper of Nemelex Xobeh the Trickster
  5813 | D:5      | Reached skill level 5 in Armour
  5925 | D:5      | Received a gift from Nemelex Xobeh
  6008 | D:5      | Found an ornate altar of the Wu Jian Council.
  6024 | D:5      | Got a smelly leather armour
  6031 | D:5      | Identified the +2 leather armour "Bezemaeb" {+Fly rN++}
                  | (You found it on level 5 of the Dungeon)
  6219 | D:5      | Found a snail-covered altar of Cheibriados.
  6265 | D:5      | Reached skill level 1 in Invocations
  6489 | D:6      | Reached * piety under Nemelex Xobeh
  6489 | D:6      | Received a gift from Nemelex Xobeh
  6589 | D:6      | Reached XP level 9. HP: 66/66 MP: 10/10
  6633 | D:6      | Found an iron altar of Okawaru.
  7069 | D:6      | Found a sparkling altar of Nemelex Xobeh.
  7681 | D:7      | Reached skill level 5 in Fighting
  8308 | D:7      | Noticed a hornet
  8310 | D:7      | Paralysed by a hornet for 1 turns
  8319 | D:7      | Paralysed by a hornet for 3 turns
  8330 | D:7      | Paralysed by a hornet for 2 turns
  8332 | D:7      | Slain by a hornet

Illustrated notes

Levels and vault maps discovered:
D:1:      saegor_arrival_simple_a, layout_basic
D:2:      layout_basic
D:3:      layout_basic, first_ration, grunt_qazlal_sundering
D:4:      layout_basic, kennysheep_mini, gammafunk_temple_overflow_wave,
          serial_shops, nicolae_shop_crystal, minmay_misc_feat_ornament,
          sigmund_edmund_badplayer
D:5:      layout_loops_corners, kennysheep_little_box, old_standard_altar,
          minmay_temple_entry_fiery
D:6:      layout_basic, lemuel_round_altar, nemelex_spade_bored_becter
D:7:      minmay_general_purpose_star, layout_basic, abandoned_shop,
          grunt_livestock, david_defended_altar_orc
Temple:   regret_index_temple_sphere_string

Skill      XL: |  1  2  3  4  5  6  7  8  9 |
---------------+----------------------------+-----
Maces & Flails | 3 4 5 6 7 |  7.7
Shields        | 4 5 6 7 |  7.2
Dodging        | 1 2 |  2.5
Armour         | 4 5 |  5.8
Fighting       | 4 5 |  5.2
Invocations    | 1 4 |  4.1

Action                   |  1- 3 |  4- 6 |  7- 9 || total
-------------------------+-------+-------+-------++-------
Melee: Flail             |    87 |   209 |   435 ||   731
Invok: Draw Destruction  |       |       |     3 ||     3
       Draw Summoning    |       |       |     1 ||     1
  Use: Potion            |       |     5 |     7 ||    12
       Scroll            |       |       |    11 ||    11
  Eat: Chunk             |     2 |     6 |    21 ||    29
       Ration            |       |       |     1 ||     1
Armor: Chain mail        |    30 |   109 |   149 ||   288
       Skin              |       |       |     2 ||     2
Dodge: Dodged            |    11 |    42 |    86 ||   139
Block: Kite shield       |    55 |   219 |   287 ||   561
       Reflection        |       |     6 |     2 ||     8
